 Dungeon Crawl Stone Soup version 0.29-a0-360-g8ed1089bbe (webtiles) character file.

Game seed: 10094129350925266890

2 freelancePsychic the Grasshopper (level 1, -1/16 HPs)
             Began as a Demonspawn Warper on Apr 28, 2022.
             Killed by nerve-wracking pain
             ... invoked by Jessica
              (10 damage)
             ... on level 2 of the Dungeon.
             The game lasted 00:00:35 (152 turns).

freelancePsychic the Grasshopper (Demonspawn Warper) Turns: 152, Time: 00:00:35

Health: -1/16      AC:  3    Str: 11    XL:     1   Next: 25%
Magic:  3/3        EV: 11    Int: 14    God:
Gold:   40         SH:  0    Dex: 12    Spells: 4/4 levels left

rFire   . . .      SeeInvis .   a - +0 short sword
rCold   . . .      Faith    .   (no shield)
rNeg    . . .      Spirit   .   b - +0 leather armour
rPois   .          Reflect  .   (no helmet)
rElec   .          Harm     .   (no cloak)
rCorr   .          Rampage  .   (no gloves)
Will    .....                   (no boots)
Stlth   +.........              (no amulet)
HPRegen 0.05/turn               (no ring)
MPRegen 0.08/turn               (no ring)

@: no status effects
A: no striking features
a: no special abilities


You were on level 2 of the Dungeon.
You visited 1 branch of the dungeon, and saw 2 of its levels.

You collected 40 gold pieces.

Inventory:

Hand Weapons
 a - a +0 short sword (weapon)
Missiles
 d - 3 boomerangs of dispersal (quivered)
Armour
 b - a +0 leather armour (worn)
Scrolls
 c - a scroll of blinking
 e - a scroll of holy word {unknown}


   Skills:
 + Level 2.0 Fighting
 * Level 1.9 Short Blades
 - Level 0.8 Throwing
 - Level 0.8 Armour
 - Level 1.7 Dodging
 - Level 2.0 Spellcasting
 - Level 2.6 Translocations


You had 4 spell levels left.
You didn't know any spells.
Your spell library contained the following spells:

 Spells                   Type           Power      Damage    Failure   Level
 Blink                    Tloc           16%        N/A       16%         2
 Gell's Gravitas          Tloc           8%         N/A       30%         3
 Lesser Beckoning         Tloc           8%         N/A       30%         3
 Teleport Other           Tloc           8%         N/A       30%         3
 Manifold Assault         Tloc           8%         N/A       96%         5


Dungeon Overview and Level Annotations

Branches:
Dungeon (1/15)

Altars:

Annotations:
D:2 Jessica


Message History

Aim: Jessica, wielding a +0 club and wearing a +0 robe (moderately wounded, fast, 57% to hit)
You throw a boomerang of dispersal.
The boomerang of dispersal hits Jessica but does no damage.
Jessica is moderately wounded.
The quokka barely misses you. The quokka closely misses you.
Throw: 5 boomerangs (disperse)
Press: ? - help, Q - select action Shift-Dir - straight line, f/p - Jessica
Aim: Jessica, wielding a +0 club and wearing a +0 robe (moderately wounded, fast, 57% to hit)
You throw a boomerang of dispersal.
The boomerang of dispersal hits Jessica.
Jessica blinks!
Jessica is heavily wounded.
Jessica says, "Why did you come here?" The quokka closely misses you.
Jessica grins evilly.
You hit the quokka.
The quokka is almost dead.
The quokka bites you.
You hit the quokka.
You kill the quokka!
Jessica mumbles some strange words.
Jessica blinks!
Jessica gestures wildly while chanting.
Jessica blinks!
You hit Jessica.
Jessica is almost dead.
Jessica hits you with a +0 club.
Jessica points at you and mumbles some strange words.
You resist with significant effort.
Throw: 4 boomerangs (disperse)
Press: ? - help, Q - select action Shift-Dir - straight line, f/p - Jessica
Aim: Jessica, wielding a +0 club and wearing a +0 robe (almost dead, fast, 57% to hit)
You throw a boomerang of dispersal.
The boomerang of dispersal barely misses Jessica.
Jessica mumbles some strange words.
Jessica blinks!
Jessica points at you and mumbles some strange words.
Pain shoots through your body!
Ouch! That really hurt!
You die...

#.# #.# #.#
#.#######
#.#.....##
#........#
##..##'##....#
#ยง.##...# ..#
#@.#..r..# #
#..#!.@.!# .
#..#.....# ..
#..##...##...
##..#####....
##@........#
##.....###
#.#####.####
#.......#


You could see Jessica (fast).

Vanquished Creatures
  A quokka (D:2)
  A ball python (D:2)
2 creatures vanquished.

Notes
Turn   | Place    | Note
-------+----------+-------------------------------------------
     0 | D:1      | freelancePsychic the Demonspawn Warper began the quest for
                  | the Orb.
     0 | D:1      | Reached XP level 1. HP: 16/16 MP: 3/3
    58 | D:1      | You fall into a shaft and drop 1 floor!
   137 | D:2      | Noticed Jessica
   152 | D:2      | Killed from afar by Jessica

Illustrated notes

Levels and vault maps discovered:
D:1:      lordsloth_arrival_two_stooges, layout_basic,
          chequers_ecumenical_altar_island
D:2:      wad_pebble_path, layout_loops_ring, kennysheep_jessica_study

Action                   || total
-------------------------++-------
Melee: Short sword       ||     7
Throw: Boomerang         ||     4
Dodge: Dodged            ||     6

Table legend: (Time is in decaauts)
 A = Elapsed time spent in this place.
 B = Non-inter-level travel time spent in this place.
 C = Inter-level travel time spent in this place.
 D = Time resting spent in this place.
 E = Time spent auto-exploring this place.
 F = Levels seen in this place.
 G = Mean time per level.
                   A        B        C        D        E       F      G
               +--------+--------+--------+--------+--------+-----+--------+
         Total |    152 |    152 |      0 |      0 |    129 |   2 |   76.0 |
       Dungeon |    152 |    152 |      0 |      0 |    129 |   2 |   76.0 |
               +--------+--------+--------+--------+--------+-----+--------+

Top non-repeatable levels by time:
     D:2: 94 daAuts
     D:1: 58 daAuts
